 Dungeon Crawl Stone Soup version 0.21.1-1-g345015fe64 (webtiles) character file.

18322 Gargoyl the Cleaver (level 12, -6/101 HPs)
             Began as a Centaur Abyssal Knight on June 14, 2018.
             Was a High Priest of Lugonu.
             Mangled by Snorg (18 damage)
             ... on level 4 of the Lair of Beasts.
             The game lasted 00:26:39 (18143 turns).

Gargoyl the Cleaver (Centaur Abyssal Knight)       Turns: 18143, Time: 00:26:40

Health: -6/101     AC: 24    Str: 17    XL:     12   Next: 26%
Magic:  19/19      EV: 10    Int: 11    God:    Lugonu [*****.]
Gold:   527        SH:  4    Dex: 12    Spells: 11/11 levels left

rFire    + . .     SeeInvis .   z - +4 broad axe (elec)
rCold    . . .     Gourm    .   F - +0 buckler
rNeg     . . .     Faith    .   G - +4 chain mail {MR+}
rPois    +         Spirit   .   (no helmet)
rElec    .         Reflect  .   (no cloak)
rCorr    .         Harm     .   I - +2 pair of gloves
MR       +....                  b - +1 centaur barding {rF+}
Stlth    ..........             (no amulet)
HPRegen  0.26/turn              C - +6 ring of evasion
MPRegen  0.16/turn              l - ring of poison resistance

@: hasted, very quick
A: large, hooves 3, deformed body, speed 2, tough skin 3
a: Depart the Abyss, Bend Space, Banish, Corrupt, Enter the Abyss, Renounce
Religion


You were on level 4 of the Lair of Beasts.
You worshipped Lugonu.
Lugonu was extremely pleased with you.
You were not hungry.

You visited 2 branches of the dungeon, and saw 13 of its levels.
You visited the Abyss 1 time.
You also visited: Sewer.

You collected 873 gold pieces.
You spent 346 gold pieces at shops.

Inventory:

Hand Weapons
 a - a +2 hand axe
 x - a +2 hand axe of electrocution
 y - a +1 war axe of freezing
 z - a +4 broad axe of electrocution (weapon)
Missiles
 m - 7 tomahawks (quivered)
Armour
 b - a +1 centaur barding of fire resistance (worn)
 F - a +0 buckler (worn)
 G - a +4 chain mail of magic resistance (worn)
 I - a +2 pair of gloves (worn)
Jewellery
 h - an uncursed ring of positive energy
 l - a ring of poison resistance (right hand)
 v - an uncursed ring of positive energy
 C - a +6 ring of evasion (left hand)
 O - a +4 ring of strength {unknown}
 P - an uncursed ring of see invisible {unknown}
Wands
 f - a wand of flame (33)
 E - a wand of paralysis (5)
 L - a wand of clouds (5)
Scrolls
 e - a scroll of fear
 i - 7 scrolls of blinking
 j - 9 scrolls of remove curse
 p - 5 scrolls of teleportation
 B - 3 scrolls of fog
 R - a scroll of identify
Potions
 d - 2 potions of agility
 k - 5 potions of curing
 o - a potion of degeneration {unknown}
 q - a potion of invisibility
 r - 2 potions of flight
 t - 2 potions of lignification
 u - a potion of mutation {unknown}
 w - a potion of might {unknown}
 A - a potion of cancellation {unknown}
 H - 2 potions of brilliance {unknown}
 J - a potion of haste
 N - a potion of heal wounds
Books
 g - a book of Flames

   Spells                             Type                      Level
   a - Flame Tongue                   Conjuration/Fire             1
   b - Throw Flame                    Conjuration/Fire             2
   c - Conjure Flame                  Conjuration/Fire             3
   d - Inner Flame                    Hexes/Fire                   3
   e - Sticky Flame                   Conjuration/Fire             4
   f - Fireball                       Conjuration/Fire             5
 n - a book of Debilitation

   Spells                             Type                      Level
   a - Corona                         Hexes                        1
   b - Slow                           Hexes                        2
   c - Inner Flame                    Hexes/Fire                   3
   d - Portal Projectile              Hexes/Translocation          3
   e - Cause Fear                     Hexes                        4
   f - Leda's Liquefaction            Hexes/Earth                  4
 s - a book of Cantrips

   Spells                             Type                      Level
   a - Confusing Touch                Hexes                        1
   b - Animate Skeleton               Necromancy                   1
   c - Summon Small Mammal            Summoning                    1
   d - Apportation                    Translocation                1
 D - a book of Air

   Spells                             Type                      Level
   a - Shock                          Conjuration/Air              1
   b - Swiftness                      Charms/Air                   2
   c - Static Discharge               Conjuration/Air              3
   d - Airstrike                      Air                          4
   e - Lightning Bolt                 Conjuration/Air              5
Comestibles
 c - 14 rations


   Skills:
 + Level 8.1 Fighting
 + Level 11.1 Axes
 * Level 9.0 Armour
 + Level 2.2 Dodging
 + Level 1.6 Shields
 * Level 9.5 Invocations


You had 11 spell levels left.
You didn't know any spells.

Dungeon Overview and Level Annotations

Branches:
Dungeon (9/15)             Temple (0/1) D:4            Lair (4/6) D:9
 Shoals (0/4) Lair:3        Snake (0/4) Lair:4
    Orc: D:9-12

Altars:
Ashenzari
Cheibriados
Dithmenos
Elyvilon
Hepliaklqana
Kikubaaqudgha
Trog
Uskayaw
Wu Jian
Xom
Zin

Shops:
D:4 [

Annotations:
Lair:4 Snorg


Innate Abilities, Weirdness & Mutations

You have hooves in place of feet.
Armour fits poorly on your strangely shaped body.
You cover ground very quickly.
You have extremely tough skin. (AC +3)


Message History

Snorg barely misses you. Snorg claws you but does no damage. x2
Snorg closely misses you. Snorg claws you. You block Snorg's attack.
You barely miss Snorg. Your kick misses Snorg.
Snorg is severely wounded.
Snorg bites you! Snorg claws you! Snorg claws you but does no damage.
You barely miss Snorg. Your kick misses Snorg.
Snorg is severely wounded.
Snorg barely misses you. Snorg claws you.
* * * LOW HITPOINT WARNING * * *
Snorg claws you.
* * * LOW HITPOINT WARNING * * *
Snorg bites you!!
* * * LOW HITPOINT WARNING * * *
Snorg claws you but does no damage. x2
You feel much better. Snorg bites you.
* * * LOW HITPOINT WARNING * * *
Snorg claws you but does no damage. Snorg claws you!
* * * LOW HITPOINT WARNING * * *
You feel yourself speed up. Snorg bites you!!
You die...

................
..................
..................
##................. .
##.................. #.
###....P.##...........
...#.#.....###...........
#.........##.#...........
.......T@#..#............
(.(.(...#.##.............
........###.##.#..รท......
.......## ## #...........
....... #....#......
....### ###......... P..#
##........ #.. ###........
#. #.###......


You could see Snorg (berserk).

Vanquished Creatures
  11 elephants
  A black mamba (Lair:1)
  4 spiny frogs
  7 komodo dragons
  A polar bear (Lair:2)
  Prince Ribbit (Lair:2)
  A slime creature (D:7)
  3 blink frogs (Lair:2)
  A snapping turtle (Lair:3)
  A merfolk (D:9)
  3 hippogriffs
  12 yaks
  2 wyverns
  A basilisk (Lair:4)
  Edmund (D:6)
  4 nagas (Lair:4)
  7 porcupines
  7 water moccasins
  3 black bears
  7 orc warriors
  3 sky beasts
  3 ice beasts
  An eye of draining (D:9)
  A phantom (D:9)
  2 ogres
  3 wolves (Lair:3)
  2 centaurs
  3 crocodiles
  A big kobold (D:9)
  6 bullfrogs
  3 scorpions
  4 wights (D:6)
  An electric eel (Lair:3)
  3 howler monkeys
  5 crimson imps
  7 orc priests
  A centaur zombie (D:7)
  2 bullfrog skeletons
  2 hounds
  12 jellies
  3 iguanas
  4 orc wizards
  4 worker ants
  A killer bee zombie (D:8)
  A hound skeleton (D:9)
  2 worker ant zombies
  14 adders
  2 shadow imps (D:9)
  11 oozes (D:7)
  An adder skeleton (D:9)
  A worm (D:6)
  2 dart slugs
  6 leopard geckos
  28 orcs
  6 giant cockroaches
  7 goblins
  8 hobgoblins
  10 jackals
  2 quokkas
  4 ball pythons
  9 bats
  6 frilled lizards
  12 kobolds
  4 rats
  2 fungi
  2 plants
295 creatures vanquished.

Vanquished Creatures (others)
  A hydra (Lair:4)
  A wizard (D:5)
  24 fungi
  12 plants
38 creatures vanquished.

Grand Total: 333 creatures vanquished

Notes
Turn   | Place    | Note
-------+----------+-------------------------------------------
     0 | Abyss:1  | Gargoyl the Centaur Abyssal Knight began the quest for the Orb.
     0 | Abyss:1  | Reached XP level 1. HP: 19/19 MP: 2/2
    38 | Abyss:1  | Found a corrupted altar of Lugonu.
    71 | Abyss:1  | Noticed an apocalypse crab
    93 | Abyss:1  | Noticed a spatial vortex
    94 | Abyss:1  | Noticed a spatial maelstrom
    94 | Abyss:1  | Noticed a spatial vortex
   101 | Abyss:1  | Noticed a worldbinder
   103 | Abyss:1  | Noticed a wind drake
   103 | Abyss:1  | Noticed a wind drake
   103 | Abyss:1  | Noticed a manticore
   105 | Abyss:1  | Noticed an efreet
   196 | Abyss:4  | Found a corrupted altar of Lugonu.
   215 | Abyss:4  | Noticed a green death
   225 | Abyss:4  | Noticed a hellephant
   226 | D:1      | Escaped the Abyss
   404 | D:1      | Reached skill level 2 in Axes
   414 | D:1      | Reached XP level 2. HP: 20/26 MP: 3/3
   442 | D:1      | Reached * piety under Lugonu
  1011 | D:2      | Noticed a howler monkey
  1017 | D:2      | Found a shimmering altar of Xom.
  1022 | D:2      | Killed a howler monkey
  1022 | D:2      | Reached XP level 3. HP: 20/31 MP: 4/4
  1268 | D:2      | Reached XP level 4. HP: 3/39 MP: 5/5
  1268 | D:2      | HP: 1/39 [poisoned by an adder]
  2322 | D:3      | Reached XP level 5. HP: 41/45 MP: 5/7
  2377 | D:3      | Found a snail-covered altar of Cheibriados.
  3022 | D:3      | Found a shattered altar of Ashenzari.
  3345 | D:4      | Found a staircase to the Ecumenical Temple.
  3508 | D:4      | Found an ancient bone altar of Kikubaaqudgha.
  3564 | D:4      | Reached skill level 3 in Axes
  3671 | D:4      | Reached XP level 6. HP: 32/52 MP: 8/8
  3826 | D:4      | Found Mirukigg's Armour Emporium.
  4195 | D:5      | Entered Level 5 of the Dungeon
  4197 | D:5      | Found a shimmering altar of Xom.
  4667 | D:5      | Reached ** piety under Lugonu
  4670 | D:5      | HP: 1/78 [orc priest/divine providence (11)]
  5336 | D:5      | Found a bloodstained altar of Trog.
  5337 | D:5      | Noticed a wizard
  5343 | D:5      | Killed a wizard
  5588 | D:5      | Reached XP level 7. HP: 19/59 MP: 9/9
  5860 | D:6      | Found a glowing drain.
  5898 | D:5      | Reached skill level 1 in Dodging
  5937 | Sewer    | Entered a sewer
  6006 | Sewer    | Reached skill level 4 in Axes
  6077 | Sewer    | HP: 3/88 [crocodile (4)]
  7264 | D:6      | Found a shadowy altar of Dithmenos.
  7827 | D:6      | Reached skill level 5 in Axes
  7827 | D:6      | Reached XP level 8. HP: 52/67 MP: 11/11
  7932 | D:6      | Noticed Edmund
  7940 | D:6      | Killed Edmund
  8303 | D:6      | Found a glowing silver altar of Zin.
  8304 | D:6      | Reached skill level 5 in Armour
  8318 | D:6      | Reached skill level 5 in Invocations
  8594 | D:6      | Found a hide-covered altar of Uskayaw.
  9085 | D:7      | Reached *** piety under Lugonu
  9278 | D:7      | Reached skill level 6 in Axes
  9384 | D:7      | Reached XP level 9. HP: 59/73 MP: 13/13
  9730 | D:7      | Reached skill level 5 in Fighting
 10117 | D:8      | Reached skill level 7 in Axes
 10272 | D:8      | Found a hazy altar of Hepliaklqana.
 10595 | D:8      | Found an ornate altar of the Wu Jian Council.
 11058 | D:9      | Identified a scroll of acquirement
 11099 | D:9      | Reached skill level 8 in Axes
 11328 | D:9      | Reached **** piety under Lugonu
 11343 | D:9      | Reached XP level 10. HP: 75/83 MP: 15/15
 12096 | D:4      | Bought a +4 chain mail of magic resistance for 346 gold pieces
 12305 | D:7      | Found a white marble altar of Elyvilon.
 12392 | D:9      | Found a staircase to the Lair.
 12405 | D:9      | Reached skill level 9 in Axes
 13143 | Lair:1   | Entered Level 1 of the Lair of Beasts
 13211 | Lair:1   | Noticed a spiny frog
 13218 | Lair:1   | Killed a spiny frog
 13538 | Lair:1   | Noticed a black mamba
 13550 | Lair:1   | Killed a black mamba
 13851 | Lair:1   | Reached XP level 11. HP: 88/91 MP: 16/16
 14046 | Lair:1   | Reached skill level 1 in Shields
 14287 | Lair:2   | Reached ***** piety under Lugonu
 14603 | Lair:2   | Reached skill level 10 in Axes
 14900 | Lair:2   | Noticed Prince Ribbit
 14926 | Lair:2   | Killed Prince Ribbit
 16801 | Lair:3   | Found a staircase to the Shoals.
 17422 | Lair:4   | Reached XP level 12. HP: 100/101 MP: 18/18
 17517 | Lair:4   | Found a staircase to the Snake Pit.
 17782 | Lair:4   | Noticed an eight-headed hydra
 17783 | Lair:4   | Banished an eight-headed hydra
 17807 | Lair:4   | Reached skill level 11 in Axes
 18126 | Lair:4   | Noticed Snorg
 18143 | Lair:4   | Mangled by Snorg

Skill      XL: |  1  2  3  4  5  6  7  8  9 10 11 12 |
---------------+-------------------------------------+-----
Axes           | 2 3 5 6 8 9 10 11 | 11.1
Armour         | 2 3 4 5 6 7 8 9 |  9.0
Invocations    | 3 4 5 6 7 9 |  9.5
Fighting       | 4 5 6 7 8 |  8.1
Dodging        | 1 2 |  2.2
Shields        | 1 |  1.6

Action                   |  1- 3 |  4- 6 |  7- 9 | 10-12 || total
-------------------------+-------+-------+-------+-------++-------
Melee: Hand axe          |    78 |   211 |   116 |       ||   405
       Kick              |    11 |    33 |    77 |   132 ||   253
       Broad axe         |       |       |   240 |   462 ||   702
Throw: Tomahawk          |       |       |       |     5 ||     5
Invok: Depart the Abyss  |     1 |       |       |       ||     1
       Bend Space        |       |       |     1 |       ||     1
       Banish            |       |       |       |     1 ||     1
Evoke: Sack of spiders   |     2 |       |       |       ||     2
  Use: Potion            |     2 |     3 |     2 |     2 ||     9
       Scroll            |     5 |     6 |    12 |     4 ||    27
  Eat: Chunk             |       |     9 |     8 |    10 ||    27
       Ration            |       |     1 |     2 |     3 ||     6
Armor: Chain mail        |    81 |     9 |       |   223 ||   313
       Plate armour      |       |   201 |   416 |    73 ||   690
       Skin              |       |    54 |     1 |       ||    55
Dodge: Dodged            |    28 |    22 |    87 |   197 ||   334
Block: Buckler           |       |       |    12 |    69 ||    81
